AoeStats
← RDA Ronan

African Clearing

506410144Analyzed
2v2 RM · 18d ago on Sep 13, 2026· 37m 5s· 4 players
Game mode
Random Map
Map size
Medium (4 player)
Population
200
Speed
Normal
Resources
Standard
Victory
Conquest
Starting age
Dark Age
Ending age
Imperial Age
RankedLock teamsTeams togetherTeam positionsShared explorationLock speedFull tech treeHidden civsTurbo modeCheats
Victory
Defeat
🇦🇷 Mongols · Argentina
1203
+15
🇦🇷 Cumans · Argentina
1203
+15
🇪🇸 Huns · Spain
1189
-15
🇨🇴 Persians · Colombia
1180
-15
Patroclo
8:06 Loom
15:02 Feudal Age
16:35 Wheelbarrow
16:21 Town Watch
18:25 Double-Bit Axe
20:42 Castle Age
21:33 Hand Cart
21:38 Fletching
22:00 Gold Mining
El Boss
10:51 Loom
14:49 Feudal Age
18:42 Castle Age
16:48 Stone Mining
17:06 Gold Mining
17:05 Double-Bit Axe
18:54 Horse Collar
20:49 Fletching
34:57 Wheelbarrow
37:15 Marauders
RDA Ghosti
4:57 Loom
12:54 Feudal Age
13:41 Double-Bit Axe
21:48 Bloodlines
22:15 Scale Barding Armor
22:20 Forging
23:42 Forging
24:18 Town Watch
25:16 Horse Collar
26:15 Wheelbarrow
29:43 Castle Age
29:28 Gold Mining
30:50 Chain Barding Armor
32:13 Iron Casting
RDA Ronan
7:14 Loom
12:57 Feudal Age
17:29 Castle Age
15:53 Town Watch
18:30 Fletching
19:59 Bodkin Arrow
20:10 Double-Bit Axe
21:26 Bow Saw
22:14 Gold Mining
23:51 Padded Archer Armor
25:50 Leather Archer Armor
27:43 Wheelbarrow
30:23 Horse Collar
36:04 Imperial Age
35:06 Stone Mining
35:19 Heavy Plow
37:29 Conscription
37:12 Bracer
38:32 Chemistry
Connection lost

Rejoining the realm…

Still unreachable

The connection could not be restored.

Session expired

The server has moved on; the page needs a fresh start.